 Dungeon Crawl Stone Soup version 0.24.0-13-gcf9b3192b9 (webtiles) character file.

Game seed: 14177954485695752719, levelgen mode: deterministic

172 Matador8 the Vexing (level 5, -5/28 HPs)
             Began as a Vampire Enchanter on Nov 6, 2019.
             Was an Initiate of Makhleb.
             Slain by a gnoll sergeant
             ... wielding a +0 trident
              (8 damage)
             ... on level 5 of the Dungeon.
             The game lasted 00:14:20 (3093 turns).

Matador8 the Vexing (Vampire Enchanter)             Turns: 3093, Time: 00:14:21

Health: -5/28      AC:  3    Str:  7    XL:     5   Next: 27%
Magic:  9/9        EV: 12    Int: 19    God:    Makhleb [......]
Gold:   105        SH:  0    Dex: 14    Spells: 0/10 levels left

rFire    . . .     SeeInvis +   p - +0 rapier
rCold    + + .     Gourm    .   (no shield)
rNeg     + + +     Faith    .   b - +0 robe
rPois    ∞         Spirit   .   j - +0 helmet
rElec    .         Reflect  .   (no cloak)
rCorr    .         Harm     .   (no gloves)
MR       .....                  (no boots)
Stlth    +++++.....             (no amulet)
HPRegen  0.00/turn              (no ring)
MPRegen  0.11/turn              (no ring)

@: bloodless, regenerating quickly
A: no food, fangs 3, see invisible, unbreathing
a: Bat Form, Revivify, Renounce Religion


You were on level 5 of the Dungeon.
You worshipped Makhleb.
Makhleb was noncommittal.
You were bloodless.

You visited 1 branch of the dungeon, and saw 5 of its levels.

You collected 105 gold pieces.

Inventory:

Hand Weapons
 a - a +1 dagger
 l - a +0 dagger of draining
 p - a +0 rapier (weapon)
Missiles
 k - 23 poisoned darts (quivered)
 m - 26 boomerangs
 u - 3 atropa-tipped darts
Armour
 b - a +0 robe (worn)
 h - a +0 ring mail
 j - a +0 helmet (worn)
 r - a cursed +0 ring mail
Wands
 n - a wand of scattershot (5)
 v - a wand of flame (38)
Scrolls
 d - a scroll of immolation
 e - a scroll of teleportation {unknown}
 g - 5 scrolls of remove curse
 q - 2 scrolls of identify
 t - a scroll of magic mapping {unknown}
 w - a scroll of fog {unknown}
 y - a scroll of enchant armour {unknown}
Potions
 c - a potion of heal wounds {unknown}
 f - a potion of curing
 i - 2 potions of flight
 o - a potion of mutation {unknown}
 s - 2 potions of ambrosia
 x - a potion of brilliance {unknown}


   Skills:
 + Level 3.8 Short Blades
 - Level 2.1 Dodging
 - Level 4.4 Stealth
 - Level 3.0 Spellcasting
 + Level 6.1 Hexes


You couldn't memorise any spells.
You knew the following spells:

 Your Spells              Type           Power        Failure   Level  Hunger
a - Corona                Hex            ####...      1%          1    N/A
b - Confuse               Hex            ####....     3%          3    N/A
c - Tukima's Dance        Hex            ####....     3%          3    N/A
d - Dazzling Spray        Conj/Hex       ##....       13%         3    N/A

Your spell library contained the following spells:

 Spells                   Type           Power        Failure   Level  Hunger
 Ensorcelled Hibernation  Hex/Ice        ##....       6%          2    N/A

Dungeon Overview and Level Annotations

Branches:
Dungeon (5/15)
 Temple: D:4-7

Altars:
Cheibriados
Elyvilon
Fedhas
Kikubaaqudgha
Makhleb
Okawaru
Yredelemnul


Innate Abilities, Weirdness & Mutations

You do not eat.
You do not regenerate when monsters are visible.
You are frail without blood (-20% HP).
You can heal yourself when you bite living creatures.
You are immune to poison.
You have razor-sharp teeth.
You have supernaturally acute eyesight. (SInv)
You can survive without breathing.


Message History

You puncture the gnoll sergeant!
The gnoll sergeant is moderately wounded.
The gnoll shouts! x3
The gnoll throws a throwing net.
The throwing net hits you.
You become entangled in the net!
The gnoll sergeant barely misses you.
You tear a large gash into the net.
The gnoll closely misses you.
You struggle against the net.
The gnoll sergeant hits you with a +0 trident!
The gnoll hits you with a +0 whip.
You rip the net and break free!
The gnoll misses you. The gnoll barely misses you.
The gnoll sergeant hits you with a +0 trident!
* * * LOW HITPOINT WARNING * * *
You feel better. The gnoll closely misses you. x2
The gnoll sergeant hits you with a +0 trident!
* * * LOW HITPOINT WARNING * * *
There is a stone staircase leading up here.
You see here an uncursed ring of fire.
The gnoll sergeant hits you from afar with a +0 trident!
You die...

### #@# #.# #g#
#g# #.#
########## #g#
#........# #.#
#........####g#
#.............#


You could see a gnoll sergeant and 3 gnolls.

Vanquished Creatures
  An orc priest (D:4)
  A worker ant (D:4)
  A howler monkey zombie (D:5)
  4 adders
  3 oozes
  An adder skeleton (D:5)
  A worm (D:2)
  2 dart slugs
  A leopard gecko (D:3)
  2 orcs (D:4)
  3 giant cockroaches
  6 goblins
  4 hobgoblins
  10 bats
  6 frilled lizards
  7 kobolds
  7 rats
60 creatures vanquished.

Vanquished Creatures (collateral kills)
  2 orcs (D:4)
2 creatures vanquished.

Vanquished Creatures (others)
  A dancing weapon (D:4)
1 creature vanquished.

Grand Total: 63 creatures vanquished

Notes
Turn   | Place    | Note
-------+----------+-------------------------------------------
     0 | D:1      | Matador8 the Vampire Enchanter began the quest for the Orb.
     0 | D:1      | Reached XP level 1. HP: 13/13 MP: 3/3
   161 | D:1      | Found a snail-covered altar of Cheibriados.
   167 | D:1      | Reached XP level 2. HP: 19/19 MP: 5/5
   249 | D:1      | Reached skill level 5 in Hexes
   451 | D:1      | Reached XP level 3. HP: 19/24 MP: 2/6
   783 | D:1      | Learned a level 3 spell: Confuse
  1427 | D:3      | Learned a level 3 spell: Tukima's Dance
  1549 | D:3      | Reached XP level 4. HP: 24/24 MP: 6/8
  1630 | D:3      | Found a white marble altar of Elyvilon.
  1644 | D:3      | Found a blossoming altar of Fedhas.
  2361 | D:4      | Found a burning altar of Makhleb.
  2361 | D:4      | Found an ancient bone altar of Kikubaaqudgha.
  2362 | D:4      | Found a basalt altar of Yredelemnul.
  2383 | D:4      | Found an iron altar of Okawaru.
  2431 | D:4      | Became a worshipper of Makhleb the Destroyer
  2618 | D:4      | Reached skill level 6 in Hexes
  2618 | D:4      | Reached XP level 5. HP: 17/28 MP: 3/9
  2625 | D:4      | Learned a level 3 spell: Dazzling Spray
  2787 | D:5      | Entered Level 5 of the Dungeon
  3093 | D:5      | Slain by a gnoll sergeant

Levels and vault maps discovered:
D:1:      sevenhm_arrival_forest_fort_small_6, layout_loops_cross,
          grunt_decor_cap, cheibriados_altar_1
D:2:      layout_basic
D:3:      layout_basic, elyvilon_altar_1, lemuel_crystal_altar
D:4:      layout_rooms, nicolae_overflow_quartered_altars, serial_glass,
          glass_columns_c, glass_columns_b, first_ration
D:5:      layout_basic, uniq_eustachio, uniq_ijyb

Skill      XL: |  1  2  3  4 |
---------------+-------------+-----
Short Blades   | 2 3 |  3.8
Hexes          | 5 6 |  6.1
Spellcasting   | 3 |  3.0
Dodging        | |  2.1
Stealth        | |  4.4

Action                   |  1- 3 |  4- 6 || total
-------------------------+-------+-------++-------
Melee: Dagger            |    67 |       ||    67
       Bite              |     4 |     5 ||     9
       Rapier            |    23 |    68 ||    91
 Cast: Corona            |     7 |     2 ||     9
       Confuse           |     2 |     6 ||     8
       Tukima's Dance    |       |     6 ||     6
 Abil: Exsanguinate      |     1 |       ||     1
  Use: Potion            |       |     3 ||     3
       Scroll            |       |     4 ||     4
 Stab: Sleeping          |    25 |     6 ||    31
       Confused          |     2 |     5 ||     7
       Distracted        |     1 |     1 ||     2
Armor: Robe              |    22 |    13 ||    35
Dodge: Dodged            |    51 |    49 ||   100
